 Seeded DCSS version 0.30-a0-40-gc6d0f036a7 (webtiles) character file.

Game seed: 18168638616186862194 (custom seed)

5726 ravioli the Transmogrifier (level 10, -2/66 HPs)
             Began as an Octopode Transmuter on Aug 30, 2022.
             Was an Initiate of Gozag.
             Slain by a troll (8 damage)
             ... on level 9 of the Dungeon.
             The game lasted 00:29:39 (12383 turns).

ravioli the Transmogrifier (Octopode Transmuter)   Turns: 12383, Time: 00:29:40

Health: -2/66      AC:  5    Str: 15    XL:     10   Next: 77%
Magic:  18/20      EV: 15    Int: 21    God:    Gozag
Gold:   451        SH:  0    Dex: 12    Spells: 13/22 levels left

rFire   . . .      SeeInvis .      - Unarmed
rCold   . . .      Faith    .    (no shield)
rNeg    + . .      Spirit   .    (helmet currently unavailable)
rPois   .          Reflect  .    c - amulet of regeneration
rElec   .          Harm     .    g - +6 ring of strength
rCorr   .          Rampage  .    k - ring of positive energy
Will    .....                    m - +4 ring of protection
Stlth   ++++......               (no ring)
HPRegen 1.01/turn                (no ring)
MPRegen 0.17/turn                (no ring)
                                 (no ring)
                                 (no ring)

@: about to teleport, appendages, very slightly contaminated
A: tentacle spike 3, almost no armour, amphibious, 8 rings, camouflage 1,
gelatinous body 1, (nimble swimmer 1), tentacles
a: End Transformation, Renounce Religion, Potion Petition, Call Merchant, Bribe
Branch


You were on level 9 of the Dungeon.
You worshipped Gozag.
Gozag was aware of your devotion.
One of your tentacles had grown a beastly spike.
You visited 2 branches of the dungeon, and saw 10 of its levels.

You collected 970 gold pieces.
You paid 519 gold pieces to Gozag.

Inventory:

Hand Weapons
 d - a +0 club
Missiles
 q - 3 throwing nets
Jewellery
 c - an amulet of regeneration (around mantle)
 g - a +6 ring of strength (left tentacle)
 k - a ring of positive energy (right tentacle)
 m - a +4 ring of protection (on tentacle)
 y - an amulet of the acrobat
Wands
 b - a wand of polymorph (27)
 l - a wand of mindburst (10)
Scrolls
 e - a scroll of immolation {unknown}
 f - 2 scrolls of enchant weapon {unknown}
 h - 2 scrolls of teleportation
 n - a scroll of fear {unknown}
 o - a scroll of amnesia {unknown}
 s - a scroll of magic mapping {unknown}
 t - a scroll of torment {unknown}
 u - a scroll of poison {unknown}
 w - a scroll of silence
 A - a scroll of enchant armour {unknown}
 C - a scroll of acquirement {unknown}
Potions
 a - 3 potions of lignification
 j - a potion of brilliance
 p - a potion of resistance {unknown}
 r - a potion of cancellation {unknown}
 v - a potion of flight
 x - 4 potions of curing
 z - a potion of invisibility {unknown}
 B - a potion of magic


   Skills:
 + Level 5.4 Fighting
 + Level 6.5 Dodging
 + Level 5.3 Stealth
 + Level 8.8 Unarmed Combat
 * Level 6.9 Spellcasting
 * Level 9.5 Transmutations


You had 13 spell levels left.
You knew the following spells:

 Your Spells              Type           Power      Damage    Failure   Level
a - Beastly Appendage     Tmut           94%        N/A       1%          1
b - Ice Form              Ice/Tmut       27%        N/A       12%         4
c - Wereblood             Tmut           47%        N/A       1%          2
d - Blink                 Tloc           14%        N/A       14%         2

Your spell library contained the following spells:

 Spells                   Type           Power      Damage    Failure   Level
 Spider Form              Tmut/Pois      27%        N/A       3%          3
 Scorch                   Fire           14%        2d6       14%         2
 Flame Wave               Conj/Fire      7%         2d5       65%         4
 Manifold Assault         Tloc           7%         N/A       94%         5
 Dispersal                Tloc           3%         N/A       100%        6
 Summon Cactus Giant      Summ           3%         N/A       100%        6
 Storm Form               Tmut/Air       13%        N/A       100%        7
 Disjunction              Tloc           3%         N/A       100%        8


Dungeon Overview and Level Annotations

Branches:
Dungeon (9/15)             Temple (1/1) D:6
   Lair: D:8-11         Orc: D:9-12

Altars:
Ashenzari
Cheibriados
Dithmenos
Elyvilon
Fedhas
Gozag
Hepliaklqana
Kikubaaqudgha
Makhleb
Nemelex Xobeh
Okawaru
Sif Muna
Trog
Uskayaw
Vehumet
Wu Jian
Xom
Yredelemnul
Zin
The Shining One

Shops:
D:3 =

Annotations:
D:4 3 runed translucent doors, logorrheac's ghost, amateur GnWn
D:6 1 runed translucent door, Crazy Yiuf
D:7 Maggie
D:8 Psyche


Innate Abilities, Weirdness & Mutations

One of your tentacles has grown a beastly spike.
You cannot wear most types of armour.
You are amphibious.
You can wear up to eight rings at the same time.
Your skin changes colour to match your surroundings (Stealth+).
Your rubbery body absorbs attacks. (AC +1, EV +1)
((You are camouflaged when in or above water. (Stealth+)))
You have tentacles for arms and can constrict up to eight enemies at once.


Message History

A troll comes into view.
You fail to extend your transformation any further.
The troll shouts!
The troll misses you. x2; The troll barely misses you.
You closely miss the troll.
Your tentacle spike misses the troll.
You squeeze the troll.
The troll is lightly wounded.
An electric eel comes into view.
The troll bites you but does no damage. The troll claws you! x2
You tentacle-slap the troll.
Your tentacle spike misses the troll.
The troll is lightly wounded.
You bludgeon the troll!
You pierce the troll, but do no damage.
The troll is moderately wounded.
The electric eel shoots out a bolt of lightning at you!
The bolt of electricity misses you. The troll barely misses you. x2
The troll claws you! The troll closely misses you. The troll claws you! x2
You tentacle-slap the troll.
You pierce the troll, but do no damage.
The troll is moderately wounded.
The troll barely misses you. The troll claws you!
* * * LOW HITPOINT WARNING * * *
The troll claws you!
* * * LOW HITPOINT WARNING * * *
Unknown command.
You feel much better. The troll bites you!
* * * LOW HITPOINT WARNING * * *
The troll claws you but does no damage. The troll misses you.
You are too injured to fight recklessly!
Casting: Beastly Appendage (safe; 1% risk of failure)
Confirm with . or Enter, or press ? or * to list all spells.
You miscast Blink.
You are very lightly contaminated with residual magic.
Nothing appears to happen.
The troll completely misses you. The troll barely misses you.
The troll claws you!
* * * LOW HITPOINT WARNING * * *
As you read the scroll of teleportation, it crumbles to dust.
You feel strangely unstable. The troll misses you.
The troll completely misses you. The troll claws you!
You die...
Your body crumbles into a pile of gold.

$ ..# ... ...#####. #.#
....~.~..#### #.#
##..~~~P.....# # ... ...
~~~...... ## # #. #.# #.#
#..##..~~ ..# #.#.
#.####.###.##..~♣~ ##..#
#.... #@#.......^##.~~~.
.....
##....##T#....)...##.).~~
.o...
....>....#...........~~~≈
.#.##
...................#.~.≈~
.#.##
#.......##.......#.#..~≈≈
..9..
.##...#.##......>#.#.~~~~
.#.#.
........##...........~..~
.# #
#######.###.######...♣.~~
.# #.#. #.....# #..##..P


You could see a troll.

Vanquished Creatures
  A hornet (D:9)
  6 yaks (D:9)
  A wyvern (D:7)
  Grum (D:8)
  2 steam dragons
  Edmund (D:6)
  A water moccasin (D:5)
  An acid dragon (D:8)
  An ice beast (D:5)
  3 orc warriors
  3 black bears
  A sky beast (D:6)
  3 wolves (D:8)
  3 ogres
  3 centaurs (D:9)
  2 phantoms
  Blork the orc (D:6)
  2 kobold brigands
  2 bullfrogs
  3 scorpions
  2 wights (D:7)
  7 killer bees (D:9)
  An electric eel (D:9)
  A howler monkey (D:8)
  8 hounds
  3 orc priests
  3 gnoll boudas
  3 jellies (D:6)
  6 orc wizards
  Natasha (thrice) (D:2)
  3 iguanas
  2 scorpion zombies (D:4)
  9 gnolls
  7 adders
  2 shadow imps (D:6)
  A white imp (D:7)
  3 ufetubi (D:5)
  4 worms
  A dart slug (D:4)
  25 orcs
  7 endoplasms
  A giant cockroach (D:3)
  10 goblins
  5 hobgoblins
  14 jackals
  2 quokkas (D:1)
  7 ball pythons
  2 bats (D:1)
  3 frilled lizards (D:1)
  8 kobolds
  4 rats
198 creatures vanquished.

Vanquished Creatures (others)
  A kobold (D:8)
  8 fungi (D:9)
  42 plants (D:9)
51 creatures vanquished.

Grand Total: 249 creatures vanquished

Notes
Turn   | Place    | Note
-------+----------+-------------------------------------------
     0 | D:1      | ravioli the Octopode Transmuter began the quest for the
                  | Orb.
     0 | D:1      | Reached XP level 1. HP: 13/13 MP: 3/3
   463 | D:1      | Reached XP level 2. HP: 18/18 MP: 3/5
  1059 | D:1      | Reached XP level 3. HP: 23/23 MP: 3/6
  1855 | D:1      | Found a faded altar of an unknown god.
  2161 | D:2      | Noticed Natasha
  2168 | D:2      | Killed Natasha
  2169 | D:2      | Reached skill level 1 in Stealth
  2169 | D:2      | Reached XP level 4. HP: 26/28 MP: 5/7
  2580 | D:2      | Noticed Natasha
  2590 | D:2      | Killed Natasha
  2591 | D:2      | Reached skill level 3 in Transmutations
  2763 | D:2      | Noticed Natasha
  2789 | D:2      | HP: 1/28 [goblin/+0 club (2)]
  2792 | D:2      | Reached skill level 5 in Dodging
  2792 | D:2      | Reached skill level 5 in Unarmed Combat
  2792 | D:2      | Reached skill level 7 in Transmutations
  2792 | D:2      | Reached XP level 5. HP: 5/38 MP: 8/12
  2944 | D:2      | Killed Natasha
  3148 | D:2      | Reached XP level 6. HP: 43/44 MP: 13/13
  3745 | D:3      | Identified the +7 dagger "Vigaga" {spect, Fragile Str+3
                  | Int+6 Stlth+}
  4666 | D:3      | Found Erovobae's Jewellery Boutique.
  4773 | D:4      | Found a runed translucent gate.
  4773 | D:4      | Found a runed translucent gate.
  4773 | D:4      | Found a runed translucent gate.
  4773 | D:4      | Noticed logorrheac's ghost (amateur GnWn)
  4904 | D:4      | Found a basalt altar of Yredelemnul.
  4913 | D:4      | Reached skill level 5 in Spellcasting
  5254 | D:4      | Reached XP level 7. HP: 40/49 MP: 14/14
  5424 | D:5      | Entered Level 5 of the Dungeon
  5590 | D:5      | Learned a level 4 spell: Ice Form
  5988 | D:5      | Learned a level 2 spell: Wereblood
  6142 | D:5      | Reached XP level 8. HP: 44/54 MP: 13/15
  6433 | D:5      | Reached skill level 8 in Transmutations
  6581 | D:5      | Identified the +5 falchion of the Oily God {vorpal, Drain
                  | rElec Dex+6}
  7177 | D:6      | Noticed Blork the orc
  7186 | D:6      | Killed Blork the orc
  7202 | D:6      | Reached XP level 9. HP: 58/60 MP: 17/17
  7818 | D:6      | Found a staircase to the Ecumenical Temple.
  7830 | Temple   | Entered the Ecumenical Temple
  7844 | Temple   | Became a worshipper of Gozag Ym Sagoz the Greedy
  8361 | D:6      | Noticed Edmund
  8372 | D:6      | Killed Edmund
  8583 | D:6      | Found an ancient bone altar of Kikubaaqudgha.
  8592 | D:6      | Found an ornate altar of the Wu Jian Council.
  8593 | D:6      | Found a glowing silver altar of Zin.
  8593 | D:6      | Found a shimmering blue altar of Sif Muna.
  8593 | D:6      | Found a radiant altar of Vehumet.
  8593 | D:6      | Found a glowing golden altar of the Shining One.
  8595 | D:6      | Found a bloodstained altar of Trog.
  8597 | D:6      | Found a sparkling altar of Nemelex Xobeh.
  8602 | D:6      | Found a burning altar of Makhleb.
  8662 | D:6      | Found a runed translucent door.
  8663 | D:6      | Noticed Crazy Yiuf
  9026 | D:7      | Noticed Maggie
  9980 | D:8      | Noticed a death yak
  9991 | D:8      | Noticed Grum
 10104 | D:8      | Noticed Psyche
 10139 | D:8      | Reached skill level 9 in Transmutations
 10146 | D:8      | HP: 3/60 [kobold brigand/+1 spear (6)]
 10155 | D:8      | Reached XP level 10. HP: 37/65 MP: 19/19
 10185 | D:8      | Killed Grum
 10186 | D:8      | Reached skill level 5 in Fighting
 10907 | D:9      | Learned a level 2 spell: Blink
 11013 | D:9      | Noticed a molten gargoyle
 11013 | D:9      | Noticed a molten gargoyle
 11013 | D:9      | Noticed a molten gargoyle
 11014 | D:9      | Noticed a molten gargoyle
 11114 | D:9      | Found a blossoming altar of Fedhas.
 11148 | D:9      | Identified the +1 leather armour of Servitude {Rampage
                  | SInv}
 11318 | D:9      | Reached skill level 5 in Stealth
 11647 | D:9      | Paralysed by a hornet for 1 turns
 12380 | D:9      | HP: 2/66 [troll (7)]
 12383 | D:9      | Slain by a troll

Illustrated notes

Levels and vault maps discovered:
D:1:      dpeg_arrival_pits, layout_basic, dilly_ecumenical_altar_fadedgnrine
D:2:      layout_basic, minmay_distorted, uniq_natasha
D:3:      layout_basic, serial_shops, nicolae_shop_waterfront
D:4:      layout_gridville, nicolae_yredelemnul_ghost_church
D:5:      minmay_evil_eye, layout_rooms
D:6:      layout_basic, minitemple, minmay_temple_entry_ruins, serial_curves,
          eino_curves_02, eino_curves_03, minmay_checkerbox, uniq_edmund,
          uniq_blork_the_orc, uniq_crazy_yiuf_cottage
D:7:      layout_basic, uniq_maggie
D:8:      layout_basic, dpeg_lair_monsters, uniq_grum, uniq_psyche
D:9:      layout_loops_ring, fedhas_altar_3,
          kennysheep_orc_monster_closet_entryway, enter_bailey_3, serial_bayou,
          serial_bayou_pond_b, serial_bayou_shore_a, serial_bayou_pond_e,
          serial_bayou_pond_b, minivault_8
Temple:   hellmonk_temple_rainy

Skill      XL: |  1  2  3  4  5  6  7  8  9 10 |
---------------+-------------------------------+-----
Stealth        | 1 2 3 4 5 |  5.3
Transmutations | 7 8 9 |  9.5
Fighting       | 4 5 |  5.4
Dodging        | 5 6 |  6.5
Unarmed Combat | 5 6 7 8 |  8.8
Spellcasting   | 4 5 6 |  6.9

Action                   |  1- 3 |  4- 6 |  7- 9 | 10-12 || total
-------------------------+-------+-------+-------+-------++-------
Melee: Unarmed           |    66 |   107 |   230 |   178 ||   581
       Kick              |    23 |    42 |    90 |    50 ||   205
       Constrict         |    18 |    25 |    53 |    21 ||   117
       Tentacles         |    11 |    18 |    51 |    39 ||   119
       Punch             |     3 |     4 |    19 |    17 ||    43
 Cast: Beastly Appendage |    20 |    25 |    39 |    16 ||   100
       Wereblood         |       |       |     9 |     2 ||    11
Invok: Potion Petition   |       |       |     1 |       ||     1
Evoke: Wand              |       |       |     1 |       ||     1
  Use: Potion            |       |     2 |     4 |     1 ||     7
       Scroll            |       |       |     5 |     5 ||    10
 Stab: Sleeping          |     3 |     8 |     9 |     1 ||    21
       Distracted        |       |       |       |     1 ||     1
Armor: Skin              |     3 |     4 |    11 |    31 ||    49
Dodge: Dodged            |    42 |    67 |   157 |   148 ||   414

Table legend: (Time is in decaauts)
 A = Elapsed time spent in this place.
 B = Non-inter-level travel time spent in this place.
 C = Inter-level travel time spent in this place.
 D = Time resting spent in this place.
 E = Time spent auto-exploring this place.
 F = Levels seen in this place.
 G = Mean time per level.
                   A        B        C        D        E       F      G
               +--------+--------+--------+--------+--------+-----+--------+
         Total |  12318 |  12052 |    266 |   5882 |   3739 |  10 | 1231.8 |
       Dungeon |  12287 |  12021 |    266 |   5882 |   3737 |   9 | 1365.2 |
        Temple |     30 |     30 |      0 |      0 |      2 |   1 |   30.0 |
               +--------+--------+--------+--------+--------+-----+--------+

Top non-repeatable levels by time:
     D:1: 2090 daAuts
     D:2: 1898 daAuts
     D:5: 1735 daAuts
     D:9: 1499 daAuts
     D:6: 1344 daAuts
     D:7: 1326 daAuts
     D:4: 857 daAuts
     D:3: 782 daAuts
     D:8: 753 daAuts
  Temple: 30 daAuts
